 Dungeon Crawl Stone Soup version 0.25.1-2-g60ff931df9 (webtiles) character file.

Game seed: 1381511449313753296

90 pantagruel the Chopper (level 4, -1/41 HPs)
             Began as a Hill Orc Monk on Oct 27, 2020.
             Slain by a gnoll
             ... wielding a +0 flail
              (9 damage)
             ... on level 3 of the Dungeon.
             The game lasted 00:17:29 (2255 turns).

pantagruel the Chopper (Hill Orc Monk)              Turns: 2255, Time: 00:17:29

Health: -1/41      AC:  6    Str: 14    XL:     4   Next: 56%
Magic:  4/4        EV: 11    Int: 10    God:
Gold:   56         SH:  0    Dex: 13    Spells: 3/3 levels left

rFire    . . .     SeeInvis .   a - +0 hand axe
rCold    . . .     Gourm    .   (no shield)
rNeg     . . .     Faith    .   f - +0 ring mail
rPois    .         Spirit   .   (no helmet)
rElec    .         Reflect  .   (no cloak)
rCorr    .         Harm     .   (no gloves)
MR       .....                  p - +0 pair of boots
Stlth    +.........             (no amulet)
HPRegen  0.13/turn              (no ring)
MPRegen  0.09/turn              (no ring)

@: no status effects
A: no striking features
a: no special abilities


You were on level 3 of the Dungeon.
You were not hungry.

You visited 1 branch of the dungeon, and saw 3 of its levels.

You collected 56 gold pieces.

Inventory:

Hand Weapons
 a - a +0 hand axe (weapon)
Missiles
 b - 42 stones (quivered)
Armour
 d - a +0 chain mail
 f - a +0 ring mail (worn)
 p - a +0 pair of boots (worn)
Scrolls
 e - a scroll of magic mapping {unknown}
 g - 2 scrolls of identify
 h - 2 scrolls of fear {unknown}
 i - 2 scrolls of teleportation
Potions
 j - 2 potions of brilliance
 m - a potion of berserk rage {unknown}
 n - a potion of curing {unknown}
 o - 2 potions of magic
Comestibles
 c - 4 rations


   Skills:
 + Level 4.3 Fighting
 * Level 5.6 Axes
 + Level 2.0 Armour
 - Level 2.4 Dodging
 - Level 1.5 Stealth


You had 3 spell levels left.
You didn't know any spells.
Your spell library was empty.

Dungeon Overview and Level Annotations

Branches:
Dungeon (3/15)

Altars:
Dithmenos
Fedhas


Message History

The gnoll is severely wounded.
The gnoll closely misses you.
You closely miss the gnoll.
The gnoll is severely wounded.
The gnoll hits you with a +0 flail.
You barely miss the gnoll.
The gnoll is severely wounded.
The gnoll hits you but does no damage.
You hit the gnoll but do no damage.
The gnoll is severely wounded.
The gnoll hits you with a +0 flail!
* * * LOW HITPOINT WARNING * * *
You hit the gnoll.
The gnoll is severely wounded.
The gnoll hits you with a +0 flail.
* * * LOW HITPOINT WARNING * * *
You barely miss the gnoll.
The gnoll is severely wounded.
The gnoll hits you with a +0 flail!
You die...

... ... #.# #.#
#.# #.# #.# #@#
#g# #g# #(#
####.#####
#...."...#
#........#
#........#
..............#


You could see a gnoll and a hobgoblin.

Vanquished Creatures
  Terence (D:2)
  2 gnolls (D:3)
  A worm (D:2)
  2 dart slugs
  3 leopard geckos
  A bat (D:2)
  6 giant cockroaches
  3 goblins
  3 hobgoblins
  2 jackals (D:2)
  5 frilled lizards
  5 kobolds
  5 rats
39 creatures vanquished.

Notes
Turn   | Place    | Note
-------+----------+-------------------------------------------
     0 | D:1      | pantagruel the Hill Orc Monk began the quest for the Orb.
     0 | D:1      | Reached XP level 1. HP: 19/19 MP: 1/1
   245 | D:1      | Reached XP level 2. HP: 27/27 MP: 2/2
   499 | D:1      | Reached skill level 1 in Armour
   901 | D:2      | Found a shadowy altar of Dithmenos.
  1000 | D:2      | Reached XP level 3. HP: 11/33 MP: 3/3
  1275 | D:2      | Found a blossoming altar of Fedhas.
  1418 | D:2      | Reached skill level 5 in Axes
  1611 | D:2      | Noticed Terence
  1696 | D:2      | Killed Terence
  1696 | D:2      | Reached XP level 4. HP: 28/40 MP: 4/4
  2255 | D:3      | Slain by a gnoll

Illustrated notes

Levels and vault maps discovered:
D:1:      dpeg_arrival_boxorama, layout_loops_cross
D:2:      layout_loops_ring, lemuel_crystal_altar, kennysheep_path_1,
          fedhas_altar_fruit_tree, uniq_terence
D:3:      layout_rooms, minmay_circle_x

Skill      XL: |  1  2  3  4 |
---------------+-------------+-----
Armour         | 1 2 |  2.0
Fighting       | 4 |  4.3
Axes           | 5 |  5.6
Dodging        | |  2.4
Stealth        | |  1.5

Action                   |  1- 3 |  4- 6 || total
-------------------------+-------+-------++-------
Melee: Hand axe          |   120 |    39 ||   159
Throw: Stone             |     7 |       ||     7
  Use: Scroll            |     1 |     2 ||     3
  Eat: Chunk             |     2 |     2 ||     4
Armor: Chain mail        |    32 |       ||    32
       Ring mail         |     8 |     9 ||    17
Dodge: Dodged            |    41 |    10 ||    51
